 Dungeon Crawl Stone Soup version 0.29.1-1-gd02db6906a (webtiles) character file.

Game seed: 11323315276757258099

2535 raincastle the Agent of Entropy (level 9, 0/68 HPs)
             Began as a Demonspawn Abyssal Knight on Sept 20, 2022.
             Was a Priest of Lugonu.
             Killed from afar by an electric eel (11 damage)
             ... with a bolt of electricity
             ... on level 7 of the Dungeon.
             The game lasted 00:33:52 (6874 turns).

raincastle the Agent of Entropy (DsAK)              Turns: 6874, Time: 00:33:53

Health: 0/68       AC: 14    Str: 18    XL:     9   Next: 30%
Magic:  15/15      EV:  6    Int:  6    God:    Lugonu [***...]
Gold:   349        SH:  0    Dex: 14    Spells: 8/8 levels left

rFire   . . .      SeeInvis .   a - +2 mace
rCold   . . .      Faith    .   (no shield)
rNeg    . . .      Spirit   .   g - +0 plate armour
rPois   +          Reflect  .   (no helmet)
rElec   .          Harm     .   (no cloak)
rCorr   +          Rampage  .   d - +0 pair of gloves
Will    .....                   A - +0 pair of boots of Pehir {+Blink rPois rCorr Int-5}
Stlth   ..........              (no amulet)
HPRegen 0.21/turn               p - ring of flight
MPRegen 0.14/turn               (no ring)

@: confused, lethally poisoned (0 -> -3), ambrosia-drunk, flying
A: large bone plates 1, spiny 3, weakness stinger 1
a: Renounce Religion, Evoke Blink, Depart the Abyss, Bend Space, Banish


You were on level 7 of the Dungeon.
You worshipped Lugonu.
Lugonu was most pleased with you.
You visited 1 branch of the dungeon, and saw 7 of its levels.
You visited the Abyss 1 time.

You collected 349 gold pieces.

Inventory:

Hand Weapons
 a - a +2 mace (weapon)
 v - the +3 shortbow of Wicked Defence {flame, Fly Str+5 Stlth+}
   (You found it on level 5 of the Dungeon)

   Any ammunition fired from it burns those it strikes, dealing additional fire
   damage.
   Str:       It affects your strength (+5).
   Fly:       It grants you flight.
   Stlth:     It makes you more stealthy.
 y - a +0 giant spiked club
 B - the +8 scimitar "Pyaqus" {vorpal, Contam rC++ rN+ SInv}
   (You found it on level 6 of the Dungeon)

   It inflicts extra damage upon your enemies.
   rC:        It greatly protects you from cold.
   rN:        It protects you from negative energy.
   SInv:      It lets you see invisible.
   Contam:    It causes magical contamination when unequipped.
Missiles
 m - 2 silver javelins (quivered)
 r - 2 boomerangs of dispersal
Armour
 b - a +0 leather armour
 d - a +0 pair of gloves (worn)
 g - a +0 plate armour (worn)
 o - an orb of guile
 A - the +0 pair of boots of Pehir (worn) {+Blink rPois rCorr Int-5}
   (You found it on level 6 of the Dungeon)

   Int:       It affects your intelligence (-5).
   rPois:     It protects you from poison.
   +Blink:    It lets you blink.
   rCorr:     It protects you from acid and corrosion.
Jewellery
 p - a ring of flight (left hand)
Wands
 x - a wand of flame (13)
 D - a wand of roots (12)
 E - a wand of charming (8)
Scrolls
 e - a scroll of amnesia {unknown}
 i - 5 scrolls of teleportation
 j - a scroll of vulnerability
 k - a scroll of enchant weapon
 n - 2 scrolls of fog {unknown}
 t - a scroll of blinking
 w - 2 scrolls of magic mapping {unknown}
 z - a scroll of fear {unknown}
Potions
 c - a potion of flight
 f - 2 potions of degeneration
 h - 4 potions of curing
 l - a potion of heal wounds {unknown}
 q - 3 potions of mutation
 s - a potion of ambrosia
 u - 2 potions of brilliance
 C - a potion of haste {unknown}


   Skills:
 + Level 5.0 Fighting
 * Level 7.9 Maces & Flails
 + Level 1.3 Throwing
 + Level 5.4 Armour
 - Level 0.8 Dodging
 + Level 0.8 Shields
 * Level 8.1 Invocations


You had 8 spell levels left.
You didn't know any spells.
Your spell library contained the following spells:

 Spells                   Type           Power      Damage    Failure   Level
 Magic Dart               Conj           0%         1d3       100%        1
 Shock                    Conj/Air       0%         1d3       100%        1
 Searing Ray              Conj           0%         2d4       100%        2
 Conjure Flame            Conj/Fire      0%         6-21      100%        3
 Ignite Poison            Fire/Tmut/Pois 0%         N/A       100%        3
 Swiftness                Air            0%         N/A       100%        3
 Teleport Other           Tloc           0%         N/A       100%        3
 Airstrike                Air            0%         2d(0-16)  100%        4
 Fulminant Prism          Conj/Hex       0%         3d6       100%        4
 Passage of Golubria      Tloc           0%         N/A       100%        4
 Sticky Flame             Conj/Fire      0%         2d3       100%        4
 Silence                  Hex/Air        0%         N/A       100%        5
 Summon Forest            Summ/Tloc      0%         N/A       100%        5
 Simulacrum               Ice/Necr       0%         N/A       100%        6
 Lehudib's Crystal Spear  Conj/Erth      0%         10d2      100%        8


Dungeon Overview and Level Annotations

Branches:
Dungeon (7/15)             Temple (0/1) D:7

Altars:
Dithmenos
Gozag
Kikubaaqudgha
Nemelex Xobeh

Shops:
D:5 [[==

Annotations:
D:7 3 runed translucent doors, dornbeast's ghost, amateur TrGl
Abyss:1 Blork the orc, Sigmund


Innate Abilities, Weirdness & Mutations

You are partially covered in large bone plates. (SH +4)
You are completely covered in sharp spines.
You have a small tail.


Message History

You hit the hornet.
Your tail-slap misses the hornet.
The hornet is severely wounded.
The hornet stings you but does no damage. x2
You closely miss the hornet.
Your tail-slap misses the hornet.
The hornet is severely wounded.
The hornet is struck by your spines. The hornet stings you.
The hornet stings you!
* * * LOW HITPOINT WARNING * * *
You are poisoned.
You feel as though you will be slow longer.
You hit the hornet.
The hornet is almost dead.
You feel yourself speed up.
* * * LOW HITPOINT WARNING * * *
You feel very sick. The hornet is struck by your spines.
You kill the hornet!
Lugonu accepts your kill.
Your Fighting skill increases to level 5!
Your Invocations skill increases to level 8!
You are confused.
You feel invigorated.
You feel sick. The jelly hits you.
* * * LOW HITPOINT WARNING * * *
You are splashed with acid.
You resist.
* * * LOW HITPOINT WARNING * * *
A howler monkey comes into view.
You feel sick.
The howler monkey howls!
You hear a howl!
The electric eel shoots out a bolt of lightning at you!
The bolt of electricity misses you. The bolt of electricity hits you.
* * * LOW HITPOINT WARNING * * *
You hit the jelly.
Your hands burn!
* * * LOW HITPOINT WARNING * * *
You tail-slap the jelly.
The jelly is heavily wounded.
You feel sick. The jelly is struck by your spines.
The jelly hits you but does no damage.
The electric eel shoots out a bolt of lightning at you!
The bolt of electricity hits you!
You die...

..... .# #.8.#
#. #...###.
#...#..
#.....##### .
#....~~~... ~.
#....S≈≈≈≈≈ ≈≈
#@#~≈♣ ≈♣
#J#.≈♣ ~≈♣
#.†.≈♣♣♣≈.≈♣♣♣
#.#h≈≈≈≈≈.≈≈≈≈
#.#~~~.~~.~~.~
#..~≈≈≈≈≈~≈≈≈≈
###.≈♣♣♣≈.≈♣♣♣
#~≈♣ ≈~≈♣ #~≈♣
≈~≈♣


You could see a howler monkey, a jelly and an electric eel.

Vanquished Creatures
  A hornet (D:7)
  Grinder (D:3)
  A steam dragon (D:6)
  4 ice beasts
  A black bear (D:6)
  An ogre (D:5)
  A phantom (D:5)
  3 necrophages
  A scorpion (D:7)
  An electric eel (D:7)
  2 howler monkeys
  A hound (D:5)
  3 orc priests
  A jelly (D:5)
  2 iguanas
  An orc wizard (D:6)
  4 gnolls (D:6)
  8 adders
  A shadow imp (D:6)
  A white imp (D:6)
  A worm (D:2)
  3 dart slugs
  11 orcs
  7 ball pythons
  4 bats
  8 endoplasms
  A giant cockroach (D:3)
  5 goblins
  7 hobgoblins
  2 jackals (D:5)
  7 kobolds
  A quokka (D:3)
  A frilled lizard (D:3)
  5 rats
102 creatures vanquished.

Vanquished Creatures (others)
  A plant (D:7)
1 creature vanquished.

Grand Total: 103 creatures vanquished

Notes
Turn   | Place    | Note
-------+----------+-------------------------------------------
     0 | Abyss:1  | raincastle the Demonspawn Abyssal Knight began the quest
                  | for the Orb.
     0 | Abyss:1  | Reached XP level 1. HP: 18/18 MP: 2/2
     1 | D:1      | Escaped the Abyss
    62 | D:1      | Found a faded altar of an unknown god.
   289 | D:1      | Gained mutation: You are partially covered in sharp spines.
                  | [demonic ancestry]
   289 | D:1      | Reached XP level 2. HP: 24/24 MP: 3/3
   731 | D:2      | Reached XP level 3. HP: 26/29 MP: 5/5
   884 | D:2      | Reached skill level 3 in Invocations
  1419 | D:2      | You fall into a shaft and drop 1 floor!
  1814 | D:2      | Got the Compendium of Planar Congelation
  1914 | D:2      | Gained mutation: You are mostly covered in sharp spines.
                  | [demonic ancestry]
  1914 | D:2      | Reached XP level 4. HP: 37/37 MP: 6/6
  2341 | D:3      | Reached *** piety under Lugonu
  2391 | D:3      | Noticed Grinder
  2402 | D:3      | Killed Grinder
  2403 | D:3      | Reached XP level 5. HP: 30/42 MP: 7/7
  2403 | D:3      | Gained mutation: You are partially covered in large bone
                  | plates. (SH +4) [demonic ancestry]
  2403 | D:3      | Reached XP level 6. HP: 34/48 MP: 8/8
  2755 | D:3      | Noticed Sigmund
  2756 | D:3      | Banished Sigmund
  2757 | D:3      | Reached skill level 5 in Maces & Flails
  2757 | D:3      | Reached skill level 4 in Invocations
  3097 | D:4      | Reached XP level 7. HP: 40/54 MP: 10/10
  3239 | D:5      | Entered Level 5 of the Dungeon
  3958 | D:5      | Found Yprahef's Armour Shop.
  4112 | D:5      | Reached skill level 1 in Throwing
  4163 | D:5      | Reached skill level 5 in Invocations
  4554 | D:5      | Found Vetal's Jewellery Emporium.
  4566 | D:5      | Identified the +3 shortbow of Wicked Defence {flame, Fly
                  | Str+5 Stlth+}
  4578 | D:5      | Noticed Blork the orc
  4581 | D:5      | Banished Blork the orc
  4582 | D:5      | Gained mutation: You have a small tail. [demonic ancestry]
  4582 | D:5      | Reached XP level 8. HP: 56/60 MP: 6/11
  4644 | D:5      | Noticed a hornet
  4647 | D:5      | Paralysed by a hornet for 1 turns
  4648 | D:5      | Banished a hornet
  5088 | D:5      | Found Qicriask's Jewellery Emporium.
  5145 | D:5      | Found Ciwytzau's Armour Emporium.
  5309 | D:6      | Reached skill level 6 in Invocations
  5585 | D:6      | Found an ancient bone altar of Kikubaaqudgha.
  5671 | D:6      | Found an opulent altar of Gozag.
  5742 | D:6      | Identified the +0 pair of boots of Pehir {+Blink rPois
                  | rCorr Int-5}
  5753 | D:6      | Identified the +8 scimitar "Pyaqus" {vorpal, Contam rC++
                  | rN+ SInv}
  5767 | D:6      | Reached skill level 5 in Armour
  6078 | D:6      | Found a sparkling altar of Nemelex Xobeh.
  6079 | D:6      | Found a shadowy altar of Dithmenos.
  6133 | D:6      | Reached skill level 7 in Invocations
  6217 | D:6      | Gained mutation: You are completely covered in sharp
                  | spines. [demonic ancestry]
  6217 | D:6      | Reached XP level 9. HP: 67/67 MP: 14/14
  6704 | D:7      | Found a runed translucent gate.
  6705 | D:7      | Found a runed translucent gate.
  6706 | D:7      | Found a runed translucent gate.
  6708 | D:7      | Noticed dornbeast's ghost (amateur TrGl)
  6820 | D:7      | Found a staircase to the Ecumenical Temple.
  6872 | D:7      | Reached skill level 5 in Fighting
  6872 | D:7      | Reached skill level 8 in Invocations
  6874 | D:7      | Killed from afar by an electric eel

Illustrated notes

Levels and vault maps discovered:
D:1:      erik_arrival_blinker_ship, layout_loops_ring,
          shapermc_ecumenical_altar_starsandcircs
D:2:      layout_basic, serial_curves, eino_curves_01, eino_curves_01,
          columned_hall_lemuel, kennysheep_decorative_pillar, hex_medium
D:3:      layout_loops_ring, uniq_sigmund, uniq_grinder
D:4:      layout_loops_ring, grunt_decor_junction
D:5:      layout_loops_corners, serial_shops, nicolae_shop_window_shopping,
          kennysheep_little_box, shop, kennysheep_mini, minmay_misc_feat_square,
          uniq_blork_the_orc
D:6:      layout_cave_pools, grunt_temple_overflow_open
D:7:      layout_cave_pools, minmay_temple_entry_gardened_gates,
          gammafunk_ghost_necromancy, serial_column_ruins,
          column_ruins_square_large, column_ruins_corridor_straight,
          column_ruins_corridor_straight, column_ruins_grid_1,
          column_ruins_columns_plus, kennysheep_boxes

Skill      XL: |  1  2  3  4  5  6  7  8  9 |
---------------+----------------------------+-----
Maces & Flails | 2 4 5 6 7 |  7.9
Armour         | 2 3 4 5 |  5.4
Invocations    | 3 4 5 7 8 |  8.1
Fighting       | 4 5 |  5.0
Throwing       | 1 |  1.3
Dodging        | |  0.8
Shields        | |  0.8

Action                   |  1- 3 |  4- 6 |  7- 9 || total
-------------------------+-------+-------+-------++-------
Melee: Mace              |    69 |    49 |   148 ||   266
       Punch             |       |     2 |     1 ||     3
       Tailslap          |       |       |    17 ||    17
Throw: Javelin           |       |     7 |     3 ||    10
Invok: Banish            |       |     1 |     5 ||     6
       Bend Space        |       |       |     2 ||     2
  Use: Scroll            |       |     2 |     9 ||    11
       Potion            |       |       |     1 ||     1
Armor: Leather armour    |     8 |       |       ||     8
       Plate armour      |    29 |    41 |    88 ||   158
Dodge: Dodged            |    19 |    14 |    31 ||    64
Block: Other             |       |     3 |    25 ||    28
